 Dungeon Crawl Stone Soup version 0.13.0-59-g13bd910 (webtiles) character file.

2626 Rycklaryybbe the Basher (level 9, -2/73 HPs)
             Began as a Hill Orc Fighter on Oct 30, 2013.
             Was a Follower of Yredelemnul.
             Slain by an orc warrior
             ... wielding a +0,+1 orcish trident
              (17 damage)
             ... on Level 7 of the Dungeon on Nov 20, 2013.
             The game lasted 00:25:58 (5680 turns).

Rycklaryybbe the Basher (Hill Orc Fighter)          Turns: 5680, Time: 00:25:58

HP  -2/73        AC 18     Str 19      XL: 9   Next: 43%
MP   8/8         EV  2     Int  8      God: Yredelemnul [*.....]
Gold 273         SH 21     Dex 13      Spells:  0 memorised,  8 levels left

Res.Fire  : . . .   See Invis. : .   I - +0,+1 whip (flame)
Res.Cold  : . . .   Warding    : .   m - +0 dwarf plate armour
Life Prot.: . . .   Conserve   : .   c - +1 orc shield
Res.Poison: .       Res.Corr.  : .   (no helmet)
Res.Elec. : .       Clarity    : .   B - +0 orc cloak
Sust.Abil.: . .     Spirit.Shd : .   o - +2 pair of gauntlets
Res.Mut.  : .       Rnd.Telep. : +   s - +0 pair of boots
Res.Rott. : .       Flight     : .   q - amulet of the gourmand
Gourmand  : +                        h - cursed ring of teleportation
                                     v - ring of invisibility

@: slightly resistant to hostile enchantments, extremely unstealthy
A: saprovore 1, slow metabolism 1
a: Animate Remains, Renounce Religion, Evoke Invisibility, Evoke Teleportation


You were on level 7 of the Dungeon.
You worshipped Yredelemnul.
Yredelemnul was aware of your devotion.
You were very full.

You visited 2 branches of the dungeon, and saw 8 of its levels.

You collected 253 gold pieces.

Inventory:

Hand weapons
 a - a +1,+1 orcish mace
 p - a +0,+0 mace
 u - a +3,+1 elven whip
 I - a +0,+1 whip of flaming (weapon)
Missiles
 w - 13 poisoned needles
 N - a poisoned dart (quivered)
 O - 7 needles of sleeping
Armour
 c - a +1 orcish shield (worn)
 m - a +0 dwarven plate armour (worn)
 o - a +2 pair of gauntlets (worn)
 s - a +0 pair of boots (worn)
 B - a +0 orcish cloak (worn)
 C - a +0 cloak
 H - a +1 cloak
Comestibles
 d - 4 meat rations
 i - a lychee
 l - 3 bread rations
 A - a choko
 D - a sausage
 K - an apricot
Scrolls
 j - 5 scrolls of identify
 n - 2 scrolls of enchant armour
 E - a scroll of enchant weapon II
 M - a scroll of remove curse {unknown}
Jewellery
 e - an uncursed ring of wizardry
 f - an uncursed ring of sustain abilities
 h - a cursed ring of teleportation (right hand)
 q - an amulet of the gourmand (around neck)
 r - an uncursed amulet of resist corrosion
 v - a ring of invisibility (left hand)
 y - an uncursed ring of positive energy {unknown}
Potions
 k - 3 potions of curing
 t - a potion of brilliance
 x - a potion of restore abilities
 z - a potion of magic
 P - a potion of slowing {unknown}
Books
 L - a book of War Chants

   Spells                             Type                      Level
   Fire Brand                         Charms/Fire                  2
   Freezing Aura                      Charms/Ice                   2
   Shroud of Golubria                 Charms/Translocation         2
   Repel Missiles                     Charms/Air                   2
   Poison Weapon                      Charms/Poison                3
   Regeneration                       Charms/Necromancy            3


   Skills:
 + Level 4.7 Fighting
 - Level 12.5 Maces & Flails
 + Level 4.4 Armour
 - Level 0.2 Dodging
 - Level 3.5 Shields


You had 8 spell levels left.
You didn't know any spells.

Dungeon Overview and Level Annotations

Branches:
Dungeon (7/27)             Temple (1/1) D:5             Orc (0/4) D:7

Altars:
Ashenzari
Cheibriados
Elyvilon
Fedhas
Kikubaaqudgha
Makhleb
Okawaru
Sif Muna
Trog
Vehumet
Xom
Yredelemnul
Zin
the Shining One
Beogh

Annotations:
D:7 Aelig's ghost, experienced NaVM


Innate Abilities, Weirdness & Mutations

You can tolerate rotten meat.
You have a slow metabolism.


Message History

You feel better.
The orc warrior throws an uncursed orcish dagger.
The uncursed orcish dagger hits you!
* * * LOW HITPOINT WARNING * * *
You see here an uncursed orcish dagger.
The orc wizard mumbles some strange words.
The orc wizard blinks!
You hit the orc wizard but do no damage.
The orc wizard points at you and mumbles some strange words.
The magic dart hits you!
* * * LOW HITPOINT WARNING * * *
The orc warrior picks up an uncursed orcish dagger.
The orc wizard hits you but does no damage.
You hit the orc wizard but do no damage.
You hit the orc wizard. You burn the orc wizard.
The orc wizard is heavily wounded.
The orc wizard hits you but does no damage.
The orc warrior hits you from afar with an orcish trident!
You die...
Your body rises from the dead as a mindless zombie.

. ..# #.# #. #.#
#######
...###.###.......
#.......o@.........
........##.......#.
....##..##oo.......
..................#.
........o##p........
....................
...................
.........#.......#.
.........##....#.#..


You could see an orc warrior, an orc wizard, Aelig's ghost and an orc.

Vanquished Creatures
  Pikel (D:5)
  3 phantoms
  A black bear (D:6)
  An ice beast (D:7)
  3 ogres
  3 centaurs
  2 giant frogs
  2 crimson imps
  A hound (D:4)
  A gnoll shaman (D:6)
  11 orc wizards
  An orc priest (D:5)
  3 worker ants
  9 gnolls
  An inept feature mimic (D:3)
  9 adders
  A giant mite (D:5)
  An inept item mimic (D:3)
  3 worms
  2 adder skeletons
  5 giant geckos
  23 orcs
  7 bats
  5 giant cockroaches
  9 goblins
  8 hobgoblins
  5 jackals
  3 quokkas
  A ball python (D:3)
  5 giant newts
  16 kobolds
  A kobold skeleton (D:6)
  A kobold zombie (D:5)
  9 rats
  A rat skeleton (D:6)
158 creatures vanquished.

Vanquished Creatures (others)
  A worker ant (D:5)
1 creature vanquished.

Grand Total: 159 creatures vanquished

Notes
Turn   | Place    | Note
--------------------------------------------------------------
     0 | D:1      | Rycklaryybbe, the Hill Orc Fighter, began the quest for the Orb.
     0 | D:1      | Reached XP level 1. HP: 19/19 MP: 0/0
   118 | D:1      | Reached XP level 2. HP: 26/26 MP: 1/1
   678 | D:2      | Reached XP level 3. HP: 29/33 MP: 2/2
  1175 | D:3      | Reached skill level 4 in Maces & Flails
  1175 | D:3      | Reached XP level 4. HP: 18/39 MP: 3/3
  1531 | D:3      | Reached skill level 5 in Maces & Flails
  1531 | D:3      | Reached XP level 5. HP: 46/46 MP: 4/4
  2154 | D:4      | Reached skill level 6 in Maces & Flails
  2170 | D:4      | Reached XP level 6. HP: 18/52 MP: 5/5
  2274 | D:4      | Noticed an ogre
  2379 | D:4      | Noticed a centaur
  2397 | D:4      | Killed a centaur
  2397 | D:4      | Reached skill level 7 in Maces & Flails
  2434 | D:4      | Gained mutation: Your digestive system is specialised to digest meat. [potion of mutation]
  2434 | D:4      | Lost mutation: Your digestive system is specialised to digest meat. [potion of mutation]
  2434 | D:4      | Gained mutation: You have a slow metabolism. [potion of mutation]
  2467 | D:4      | Reached XP level 7. HP: 22/59 MP: 6/6
  2484 | D:4      | Noticed an ogre
  2484 | D:4      | Noticed an ogre
  2838 | D:4      | Upgraded the game from 0.13.0-26-gf7ffa3a to 0.13.0-59-g13bd910
  2916 | D:5      | Entered Level 5 of the Dungeon
  2931 | D:5      | Reached skill level 8 in Maces & Flails
  3140 | D:5      | Reached skill level 9 in Maces & Flails
  3216 | D:5      | Found a staircase to the Ecumenical Temple.
  3267 | D:5      | Reached XP level 8. HP: 66/66 MP: 7/7
  3515 | D:5      | Noticed Pikel
  3558 | D:5      | Killed Pikel
  3558 | D:5      | Reached skill level 11 in Maces & Flails
  4093 | Temple   | Entered the Ecumenical Temple
  4329 | Temple   | Became a worshipper of Yredelemnul the Dark
  4586 | D:6      | Reached XP level 9. HP: 67/72 MP: 8/8
  4622 | D:6      | Reached skill level 12 in Maces & Flails
  4907 | D:6      | Acquired Yredelemnul's first power
  5003 | D:6      | Found a burning altar of Makhleb.
  5169 | D:7      | Found a staircase to the Orcish Mines.
  5495 | D:7      | Found a roughly hewn altar of Beogh.
  5534 | D:7      | Noticed Aelig's ghost (experienced NaVM)
  5680 | D:7      | Slain by an orc warrior

Action                   |  1- 3 |  4- 6 |  7- 9 || total
-------------------------+-------+-------+-------++-------
Melee: Mace              |   108 |   217 |   165 ||   490
       Whip              |    16 |     9 |   307 ||   332
Invok: Animate Remains   |       |       |     2 ||     2
  Use: Scroll            |       |    14 |     2 ||    16
       Potion            |       |     1 |     7 ||     8
